AoeStats
← failbaddon

Arena

509679829Analyzed
3v3 RM · 6d ago on Sep 27, 2026· 24m 19s· 6 players
Game mode
Random Map
Map size
Normal (6 player)
Population
200
Speed
Normal
Resources
Standard
Victory
Conquest
Starting age
Dark Age
Ending age
Imperial Age
RankedLock teamsTeams togetherTeam positionsShared explorationLock speedFull tech treeHidden civsTurbo modeCheats
Victory
Defeat
🇺🇸 Spanish · United States
1067
+16
🇺🇸 Malians · United States
1058
+16
🇺🇸 Danes · United States
1030
+17
🇰🇬 Byzantines · Kyrgyzstan
1134
-20
🇹🇷 Danes · Türkiye
1024
-15
1009
-14
failbaddon
10:36 Feudal Age
14:17 Castle Age
12:29 Double-Bit Axe
12:50 Horse Collar
16:44 Loom
17:55 Scale Mail Armor
18:10 Bow Saw
21:56 Heavy Plow
SupaHotFire
7:06 Loom
11:36 Feudal Age
16:24 Castle Age
14:33 Stone Mining
14:31 Double-Bit Axe
17:53 Wheelbarrow
ClydeTheLP
2:52 Loom
11:01 Feudal Age
12:55 Wheelbarrow
15:58 Castle Age
14:47 Double-Bit Axe
14:48 Horse Collar
17:42 Scale Barding Armor
18:38 Bloodlines
22:33 Chain Barding Armor
22:55 Town Watch
24:50 Forging
24:43 Husbandry
Prof. Dr. Abuzer KÖMÜRCÜ
9:51 Feudal Age
13:52 Castle Age
12:26 Double-Bit Axe
12:49 Loom
14:40 Horse Collar
Crimson_Tide
9:38 Feudal Age
10:46 Double-Bit Axe
17:17 Castle Age
17:12 Wheelbarrow
17:29 Horse Collar
18:53 Stone Mining
19:25 Loom
22:28 Hand Cart
Alper
11:42 Feudal Age
16:19 Castle Age
15:18 Horse Collar
15:55 Double-Bit Axe
17:59 Wheelbarrow
20:33 Elite Skirmisher
Connection lost

Rejoining the realm…

Still unreachable

The connection could not be restored.

Session expired

The server has moved on; the page needs a fresh start.